Map: Galactic Process LE

Players

Nickos - Winner!

  • Race: Terran Terran
  • League: Gold

Logeeker

  • Race: Terran Terran
  • League: Gold

VOD

Have the link to the VOD?

Description

Time

  • Played on: Sept. 24, 2016, 9:15 a.m.
  • Length: 19:11
Show
View Real Time Build Order
Export as new Build Order

Nickos Terran - Winner!

Build Orders: MMM Bio 

Get SALT Encoding   

  12  0:00  SCV  
  13  0:13  SCV  
  14  0:17  Supply Depot  
  14  0:25  SCV  
  15  0:38  SCV  
  15  0:39  Barracks  
  16  0:50  SCV  
  17  1:03  SCV  
  18  1:15  SCV  
  19  1:23  Command Center  
  19  1:29  Orbital Command  
  19  1:32  Marine  
  20  1:44  Barracks  
  20  1:52  Marine  
  21  1:56  Supply Depot  
  21  2:00  SCV  
  22  2:12  SCV  
  22  2:14  Barracks  
  23  2:17  Marine  
  23  2:22  Refinery  
  24  2:24  SCV  
  25  2:34  Marine  
  25  2:36  SCV  
  27  2:43  Marine  
  27  2:45  Orbital Command  
  27  2:48  SCV  
  28  2:54  Refinery  
  28  3:01  SCV  
  29  3:06  Marine x2  
  29  3:11  Barracks Tech Lab  
  31  3:16  Supply Depot, SCV x2  
  33  3:25  Marine  
  35  3:28  SCV x2  
  35  3:31  Marine  
  37  3:41  SCV x2  
  39  3:43  Barracks Reactor, Marine  
  39  3:48  Engineering Bay, Supply Depot  
  39  3:50  Engineering Bay  
  39  3:53  SCV  
  40  4:00  Refinery  
  40  4:01  Marine  
  43  4:05  Marine  
  42  4:12  Factory  
  42  4:18  SCV x2  
  42  4:19  Marine  
  42  4:20  Marine x2  
  47  4:28  Terran Infantry Weapons Level 1  
  47  4:31  SCV  
  47  4:32  SCV  
  47  4:33  Marine  
  50  4:40  Supply Depot  
  50  4:43  SCV, Stimpack  
  50  4:44  SCV  
  52  4:56  SCV x2  
  52  4:58  Marine x2  
  56  5:02  Factory Reactor  
  56  5:07  Barracks Reactor  
  56  5:08  SCV x2  
  58  5:14  Starport  
  58  5:17  Supply Depot  
  58  5:20  SCV x2  
  60  5:26  Terran Infantry Armor Level 1  
  60  5:32  SCV x2  
  60  5:33  Marine  
  60  5:34  Marine  
  60  5:35  Marauder  
  66  5:43  Command Center  
  66  5:44  SCV x2  
  68  5:50  Barracks  
  68  5:51  Barracks, Marine  
  68  5:52  Barracks  
  68  5:56  Supply Depot, SCV x2  
  71  6:00  Factory Reactor  
  71  6:08  SCV  
  72  6:11  SCV  
  72  6:17  Supply Depot  
  73  6:19  Supply Depot  
  73  6:20  SCV  
  73  6:21  Armory, Marine  
  73  6:22  Marine x2  
  73  6:23  Medivac x2, SCV  
  82  6:29  Marauder  
  82  6:32  SCV  
  85  6:34  Marine  
  85  6:38  Widow Mine x2  
  85  6:39  Marine  
  91  6:41  Barracks Reactor  
  91  6:44  Combat Shields  
  91  6:51  Barracks Reactor  
  91  6:52  Barracks Reactor  
  91  6:54  SCV x2  
  93  6:56  Orbital Command  
  93  7:06  SCV x2  
  95  7:08  Sensor Tower  
  95  7:17  Medivac  
  95  7:18  SCV x2  
  95  7:19  Marine x3  
  95  7:20  Marine x4  
  106  7:23  Supply Depot  
  106  7:27  Refinery  
  106  7:29  Marine x4  
  110  7:33  SCV x3  
  113  7:37  Marine x4  
  117  7:44  Widow Mine x2  
  117  7:45  SCV, Marine x2  
  117  7:48  Supply Depot  
  117  7:50  Supply Depot  
  117  7:51  SCV  
  125  7:52  Terran Infantry Weapons Level 2  
  125  7:58  Supply Depot  
  125  8:09  Medivac, Marine x2  
  125  8:10  Marauder, SCV x2  
  125  8:11  Supply Depot, Marine x7  
  125  8:12  Supply Depot  
  140  8:13  Command Center  
  140  8:17  Terran Infantry Armor Level 2  
  140  8:19  SCV  
  141  8:22  SCV x2  
  143  8:28  Medivac  
  143  8:29  Marine x4  
  143  8:32  Marine x6  
  143  8:33  Marauder  
  157  8:36  Supply Depot  
  157  8:37  Supply Depot  
  157  8:44  Medivac  
  157  8:47  Marine x2  
  161  8:51  Marine x4  
  161  8:53  Orbital Command  
  165  8:57  Marine x5  
  170  9:04  Marine  
  170  9:05  Marine  
  170  9:08  Marine  
  170  9:09  Widow Mine x2, Marine x2  
  177  9:15  Medivac  
  181  9:19  Supply Depot  
  181  9:21  Supply Depot  
  181  9:24  Medivac, SCV x3  
  186  9:35  Marine  
  186  9:36  Marine x6  
  186  9:37  Marine x3  
  196  9:40  Widow Mine, Marine  
  199  9:56  Marine  
  198  10:36  Marine x2  
  200  10:54  Barracks  
  200  10:56  Barracks  
  200  10:57  Barracks  
  200  10:58  Barracks  
  200  10:59  Barracks  
  200  11:01  Barracks  
  200  11:49  Barracks Tech Lab x5  
  200  11:50  Barracks Tech Lab  
  200  11:52  Refinery  
  200  11:55  Refinery  
  199  12:30  Marine  
  199  12:36  Marine x4  
  188  13:06  Liberator  
  188  13:07  Liberator, Marine x3  
  188  13:08  Marine x8  
  188  13:09  Marine x5  
  188  13:10  Marine  
  102  13:25  Marine x3  
  102  13:26  Marine x8  
  121  13:27  Marauder x3  
  121  13:28  Marauder x3  
  131  13:39  Barracks  
  131  13:42  Barracks  
  131  13:43  Widow Mine x2, Barracks, Marine x4  
  131  13:44  Marauder, Marine x4  
  131  13:46  Marine x2  
  149  13:48  Marauder  
  149  13:49  Liberator x2, Marauder x2, Marine x3  
  156  14:00  Terran Infantry Weapons Level 3, Marine  
  156  14:01  Terran Infantry Armor Level 3, Marine  
  158  14:06  Marine x2, Marauder  
  158  14:07  Marauder x3, Marine x3  
  158  14:08  Marine x3  
  182  14:10  Marauder x3  
  182  14:12  Widow Mine  
  182  14:14  Command Center  
  188  14:18  Marine x2  
  190  14:24  Marine x3  
  190  14:27  Marauder  
  190  14:28  Marauder x2  
  190  14:29  Marine  
  200  14:40  Barracks Tech Lab x3  
  200  15:10  Marine x4  
  200  15:14  Marine x5  
  192  15:15  Marine x4  
  192  15:17  Marauder x4  
  192  15:18  Marauder x2  
  183  15:24  Marine  
  183  15:27  Marine  
  183  15:28  Marine x3  
  170  15:31  Marine  
  170  15:34  Marine x4  
  162  15:40  Marine x2  
  162  15:41  Marine x2  
  162  15:42  Marauder x4  
  170  15:47  Marine  
  170  15:48  Marine x5  
  170  15:49  Marine x2  
  176  15:52  Marine x4  
  180  16:00  Marine x3  
  180  16:01  Marine  
  180  16:04  Marine x2  
  176  16:06  Medivac x2  
  181  16:19  Liberator  
  181  16:24  Marine x2  
  177  16:31  Marine  
  177  16:32  Marine x5  
  143  16:33  Marine x4  
  143  16:35  Medivac  
  134  16:40  Marine x4  
  134  16:41  Marine x3  
  132  16:47  Widow Mine x2  
  132  16:48  Liberator  
  133  16:57  Marine x5  
  133  16:58  Marine x5  
  133  16:59  Marine x5  
  133  17:00  Marine x4  
  137  17:01  Liberator  
  137  17:05  Marine  
  137  17:14  Marine  
  137  17:15  Marine x5  
  138  17:16  Widow Mine x2  
  138  17:17  Marauder x3  
  138  17:18  Marauder x2  
  138  17:21  Marine x2  
  138  17:22  Marine  
  161  17:31  Liberator  
  161  17:32  Marine  
  161  17:33  Marine x3  
  165  17:44  Widow Mine x2  
  165  17:45  Marine x4  
  165  17:46  Marine x3  
  179  17:56  Marine, Marauder  
  179  17:57  Marine x2  
  179  17:58  Marine x5  
  181  17:59  Marine x2  
  181  18:00  Marine x2  
  181  18:03  Marine  
  172  18:08  Marine x4  
  172  18:09  Marine x2  
  174  18:13  Widow Mine x2  
  174  18:14  Marine  
  174  18:15  Marine x2  
  178  18:40  Marine x3  
  178  18:41  Widow Mine x2, Marine x5  
  150  18:42  Marauder, Marine  
  150  18:43  Marauder x3  
Show
View Real Time Build Order
Export as new Build Order

Logeeker Terran 

Build Orders: MMM Bio 

Get SALT Encoding   

  12  0:01  SCV  
  13  0:13  SCV  
  14  0:18  Supply Depot  
  14  0:25  SCV  
  15  0:41  SCV  
  15  0:42  Barracks  
  16  0:46  Refinery  
  16  0:53  SCV  
  17  1:05  SCV  
  18  1:17  SCV  
  19  1:29  SCV  
  19  1:31  Reaper  
  21  1:40  Command Center  
  21  1:51  Refinery  
  21  2:05  Barracks  
  21  2:09  Factory  
  21  2:22  Barracks Reactor  
  21  2:31  Supply Depot  
  21  2:37  Orbital Command  
  21  2:55  Starport  
  21  3:11  Orbital Command  
  21  3:14  Marine  
  22  3:25  Marine x2  
  24  3:38  Marine  
  24  3:43  Marine  
  24  3:44  Barracks Tech Lab  
  25  3:51  Starport Reactor  
  25  3:54  Factory Tech Lab  
  25  3:55  Marine  
  25  3:58  SCV  
  25  4:01  Marine  
  28  4:08  SCV  
  29  4:11  SCV  
  29  4:13  Marine  
  29  4:16  Supply Depot  
  31  4:19  Supply Depot  
  31  4:24  Marine x2  
  31  4:27  SCV x2  
  35  4:31  Marine  
  36  4:38  Siege Tank  
  36  4:42  Marine  
  36  4:43  Medivac  
  42  4:47  Stimpack  
  42  4:56  Bunker  
  42  4:58  Marine x2  
  42  4:59  Marine  
  44  5:00  Medivac  
  47  5:08  SCV x2  
  49  5:18  Supply Depot  
  49  5:19  Medivac  
  49  5:20  SCV  
  52  5:21  Marine  
  52  5:24  SCV  
  54  5:28  Marine  
  55  5:36  SCV  
  56  5:43  Engineering Bay  
  56  5:44  Engineering Bay, Siege Tank  
  56  5:49  Supply Depot  
  59  5:50  Marine x2  
  59  5:52  Medivac  
  59  5:56  Marine  
  64  6:08  Marine x2  
  64  6:11  Sensor Tower  
  66  6:13  Marine  
  67  6:23  Siege Tank  
  70  6:26  Barracks, Marine x2  
  70  6:30  Barracks  
  70  6:31  Marine  
  73  6:36  Bunker  
  73  6:43  Marine  
  73  6:44  Marine  
  75  6:49  Marine  
  76  6:56  SCV x2  
  78  7:02  Marine  
  78  7:03  Siege Tank  
  78  7:06  Supply Depot  
  78  7:07  Terran Infantry Weapons Level 1  
  78  7:08  SCV x2  
  84  7:17  Refinery  
  84  7:18  Refinery  
  84  7:20  SCV x2  
  86  7:30  Barracks Reactor x2  
  86  7:32  SCV  
  86  7:33  Marine x3  
  86  7:35  Siege Tank  
  93  7:45  SCV  
  94  8:09  Supply Depot  
  94  8:10  Supply Depot  
  94  8:13  Supply Depot  
  94  8:14  Supply Depot  
  94  8:21  Terran Infantry Armor Level 1  
  94  8:24  Armory  
  94  8:30  SCV, Marine x7  
  94  8:32  Combat Shields  
  102  8:37  SCV  
  103  8:48  Marine x7  
  110  9:06  Marine x2  
  110  9:09  Command Center  
  112  9:10  Marine x4  
  112  9:11  Marine  
  112  9:13  Viking  
  119  9:20  Viking  
  121  9:30  Marine x2  
  123  9:50  Viking  
  123  9:52  Sensor Tower  
  125  10:20  Viking  
  127  10:22  Siege Tank  
  130  10:37  Marine x2  
  130  10:42  Viking  
  134  10:50  Viking  
  134  10:54  Siege Tank  
  139  11:03  Concussive Shells  
  139  11:05  Terran Infantry Weapons Level 2  
  139  11:06  Terran Infantry Armor Level 2  
  139  11:11  Supply Depot  
  139  11:12  Medivac  
  139  11:15  Orbital Command  
  141  11:23  Medivac, Marine x6  
  149  11:26  Siege Tank  
  152  11:43  Marine  
  152  11:44  Marine  
  154  11:58  Siege Tank  
  157  12:06  SCV x3  
  160  12:18  SCV  
  161  12:31  Siege Tank  
  161  12:36  Marine  
  165  12:44  Supply Depot  
  165  12:46  Marine x6  
  171  12:54  Marine  
  172  13:03  Siege Tank  
  169  13:07  Supply Depot  
  147  13:29  Terran Infantry Weapons Level 3, Terran Infantry Armor Level 3  
  147  13:30  Supply Depot  
  147  13:35  Refinery, Siege Tank  
  147  13:37  Refinery, Marine x3  
  153  13:47  Barracks  
  153  13:49  Barracks  
  153  13:50  Barracks  
  153  13:53  Barracks  
  153  13:56  Medivac x2  
  157  14:16  SCV x3  
  160  14:19  Command Center  
  160  14:20  Marine  
  160  14:21  Marine  
  162  14:26  Medivac, Viking  
  162  14:28  SCV x2  
  168  14:34  Factory  
  168  14:35  Starport  
  168  14:37  SCV  
  169  14:40  Barracks Reactor x2  
  169  14:41  Barracks Reactor  
  169  14:45  Marine  
  169  14:46  Marauder, Marine x4  
  169  14:47  Marine  
  169  14:50  SCV  
  178  14:56  Viking x2  
  177  15:03  Marine  
  177  15:04  Marine  
  179  15:08  Marauder  
  128  15:23  Marine x5  
  128  15:24  Marine x3  
  128  15:25  Marine  
  122  15:29  Marauder  
  105  15:50  Marauder  
  101  15:58  Marine  
  90  16:08  Barracks Reactor  
  90  16:12  Marauder  
  90  16:14  SCV x3  
  95  16:19  Siege Tank  
  86  16:26  SCV x3  
  69  16:46  Marine x3  
  69  16:47  Marine  
  56  17:03  Marine x5  
  56  17:04  Marine x2  
  59  17:12  Marine x2  
  61  17:18  Marine x2  
  63  17:34  SCV x2  
  63  17:35  SCV  
  66  17:41  Planetary Fortress  
  66  17:46  SCV  
  66  17:47  SCV x2  
  65  17:59  SCV x3  
  59  18:06  Marine  
  59  18:07  Marine x7  
  59  18:11  SCV x3  
  59  18:12  Marine x5  
  74  18:23  SCV x3  
  74  18:25  Marine x4  
  74  18:26  Marine  
  59  18:42  Marine x4  
  59  18:43  Marine x3  
  59  18:44  Marine x2  
  59  18:45  Marine x2  
  59  18:48  Marine  
  51  18:51  Marine  
Tags
 
Composition
MMM BioMMM Bio
League
GoldGold
Matchup
TvT
Race
Terran
Replay Pack
Nickos replay
Add a new tag
Caveats
  • Supply blocks, unpowered buildings, or Contaminate may cause inaccurate times.
  • Supply counts are checked every 10 seconds.